 Dungeon Crawl Stone Soup version 0.30-a0-395-gfe72c296f8 (webtiles) character file.

Game seed: 1818792955102942746

287791 Bnni the Alchemist (level 20, -4/155 HPs)
             Began as an Octopode Venom Mage on Dec 7, 2022.
             Was an Initiate of Gozag.
             Slain by a red very ugly thing (5 damage)
             ... on level 3 of the Depths on Dec 8, 2022.
             The game lasted 02:47:18 (44548 turns).

Bnni the Alchemist (Octopode Venom Mage)           Turns: 44548, Time: 02:47:19

Health: -4/155     AC: 13    Str:  5    XL:     20   Next: 67%
Magic:  33/37      EV: 18    Int: 25    God:    Gozag
Gold:   4322       SH: 16    Dex: 10    Spells: 6/45 levels left

rFire   + + .      SeeInvis +      - Unarmed
rCold   + + .      Faith    .    V - +0 tower shield of Icreuraz {rElec rN+ Will+ Str-3}
rNeg    + + +      Spirit   .    (helmet restricted)
rPois   +          Reflect  .    h - amulet of magic regeneration
rElec   +          Harm     .    i - ring "Uliong" {rPois AC+4 Int+2}
rCorr   +          Rampage  .    A - ring of protection from cold
Will    ++...      Rage     3%   Z - ring of Zauhos {Wiz rF+ rN+ Str-4}
Stlth   +++.......               E - ring "Vaon" {Drain rPois EV+4 Int+3 SInv}
HPRegen 0.45/turn                x - ring of protection from cold
MPRegen 0.65/turn                Q - +4 ring of protection
                                 U - ring of the Republic {rF+ rN+ Str+4 Dex-5}
                                 l - ring "Fomyclyi" {rPois rN+ rCorr AC+4 Dex-3}

@: on blink cooldown
A: almost no armour, amphibious, 8 rings, camouflage 1, gelatinous body 1,
(nimble swimmer 1), tentacles, antennae 1, fangs 1, berserk 1, robust 1,
screaming 1
}: 2/15 runes: decaying, serpentine
a: Renounce Religion, Potion Petition, Call Merchant, Bribe Branch


You were on level 3 of the Depths.
You worshipped Gozag.
Gozag was most pleased with you.
You visited 6 branches of the dungeon, and saw 33 of its levels.
You visited 1 bazaar.
You also visited: Bailey.

You collected 14668 gold pieces.
You spent 7026 gold pieces at shops.
You paid 3320 gold pieces to Gozag.

Inventory:

Missiles
 r - 7 throwing nets
Armour
 V - the +0 tower shield of Icreuraz (worn) {rElec rN+ Will+ Str-3}
   (You took it off Louise on level 3 of the Snake Pit)

   Str:       It affects your strength (-3).
   rElec:     It insulates you from electricity.
   rN:        It protects you from negative energy.
   Will:      It increases your willpower.
Jewellery
 h - an amulet of magic regeneration (around mantle)
 i - the ring "Uliong" (left tentacle) {rPois AC+4 Int+2}
   (You bought it in a shop on level 4 of the Snake Pit)

   [ring of protection]

   AC:        It affects your AC (+4).
   Int:       It affects your intelligence (+2).
   rPois:     It protects you from poison.
 l - the ring "Fomyclyi" (on tentacle) {rPois rN+ rCorr AC+4 Dex-3}
   (You bought it in a shop in a bazaar)

   [ring of protection]

   AC:        It affects your AC (+4).
   Dex:       It affects your dexterity (-3).
   rPois:     It protects you from poison.
   rN:        It protects you from negative energy.
   rCorr:     It protects you from acid and corrosion.
 x - a ring of protection from cold (on tentacle)
 A - a ring of protection from cold (right tentacle)
 E - the ring "Vaon" (on tentacle) {Drain rPois EV+4 Int+3 SInv}
   (You bought it in a shop on level 6 of the Dungeon)

   [ring of evasion]

   EV:        It affects your evasion (+4).
   Int:       It affects your intelligence (+3).
   rPois:     It protects you from poison.
   SInv:      It lets you see invisible.
   Drain:     It drains your maximum health when unequipped.
 M - a ring of flight
 Q - a +4 ring of protection (on tentacle)
 S - the ring "Vare" {Wiz rPois rCorr Int+6}
   (You bought it in a shop on level 4 of the Snake Pit)

   [ring of wizardry]

   It improves your spell success rate.
   Int:       It affects your intelligence (+6).
   rPois:     It protects you from poison.
   rCorr:     It protects you from acid and corrosion.
 U - the ring of the Republic (on tentacle) {rF+ rN+ Str+4 Dex-5}
   (You found it on level 3 of the Lair of Beasts)

   [ring of protection from fire]

   Str:       It affects your strength (+4).
   Dex:       It affects your dexterity (-5).
   rF:        It protects you from fire.
   rN:        It protects you from negative energy.
 Z - the ring of Zauhos (on tentacle) {Wiz rF+ rN+ Str-4}
   (You bought it in a shop on level 4 of the Snake Pit)

   [ring of wizardry]

   It improves your spell success rate.
   Str:       It affects your strength (-4).
   rF:        It protects you from fire.
   rN:        It protects you from negative energy.
Wands
 F - a wand of flame (33)
 L - a wand of mindburst (38)
 N - a wand of charming (26)
 T - a wand of digging (5)
 Y - a wand of roots (10)
Scrolls
 c - 16 scrolls of teleportation
 e - 8 scrolls of enchant armour
 m - 5 scrolls of blinking
 n - 13 scrolls of fog
 o - a scroll of acquirement
 p - 13 scrolls of magic mapping
 q - 7 scrolls of vulnerability
 s - 6 scrolls of fear
 t - 6 scrolls of immolation
 w - 2 scrolls of amnesia
 y - 8 scrolls of poison
 O - 4 scrolls of silence
Potions
 a - 4 potions of magic
 b - 6 potions of brilliance
 d - 4 potions of resistance
 f - 2 potions of cancellation
 g - 6 potions of berserk rage
 j - 6 potions of attraction
 k - 22 potions of curing
 u - 5 potions of flight
 v - a potion of heal wounds
 z - 2 potions of lignification
 B - 5 potions of ambrosia
 H - 6 potions of haste
 I - a potion of mutation
 J - 4 potions of invisibility
 P - 3 potions of might
Miscellaneous
 R - a condenser vane


   Skills:
 + Level 13.5 Fighting
 - Level 10.7 Dodging
 - Level 2.6 Stealth
 * Level 11.9 Shields
 * Level 14.9 Unarmed Combat
 + Level 13.0 Spellcasting
 - Level 5.0 Conjurations
 - Level 5.0 Hexes
 * Level 7.6 Necromancy
 - Level 3.0 Translocations
 + Level 16.3 Transmutations
 - Level 3.0 Air Magic
 * Level 10.9 Earth Magic
 - Level 12.0 Poison Magic


You had 6 spell levels left.
You knew the following spells:

 Your Spells              Type           Power      Damage    Failure   Level
a - Statue Form           Tmut/Erth      47%        N/A       4%          6
b - Blink                 Tloc           62%        N/A       3%          2
c - Ignite Poison         Fire/Tmut/Pois 59%        N/A       1%          3
d - Olgreb's Toxic Radia  Pois           66%        N/A       1%          4
e - Vhi's Electric Charg  Tloc/Air       62%        N/A       6%          3
f - Alistair's Intoxicat  Tmut/Pois      48%        N/A       1%          5
g - Eringya's Noxious Bo  Tmut/Pois      36%        N/A       3%          6
h - Yara's Violent Unrav  Hex/Tmut       31%        3d13      2%          5
i - Irradiate             Conj/Tmut      31%        3d22      2%          5

Your spell library contained the following spells:

 Spells                   Type           Power      Damage    Failure   Level
 Beastly Appendage        Tmut           100%       N/A       0%          1
 Necrotise                Necr           100%       1d9       1%          1
 Sandblast                Erth           100%       2d20      1%          1
 Sting                    Tmut/Pois      100%       1d8       1%          1
 Cigotuvi's Dreadful Rot  Necr/Pois/Air  100%       N/A       1%          2
 Poisonous Vapours        Pois/Air       100%       N/A       1%          2
 Sublimation of Blood     Necr           53%        N/A       1%          2
 Wereblood                Tmut           78%        N/A       1%          2
 Mephitic Cloud           Conj/Pois/Air  49%        N/A       1%          3
 Spider Form              Tmut/Pois      72%        N/A       1%          3
 Apportation              Tloc           62%        N/A       2%          1
 Momentum Strike          Conj/Tloc      72%        3d10      2%          2
 Dazzling Flash           Conj/Hex       82%        N/A       2%          3
 Tukima's Dance           Hex            41%        N/A       2%          3
 Ice Form                 Ice/Tmut       54%        N/A       2%          4
 Leda's Liquefaction      Hex/Erth       27%        N/A       2%          4
 Dispel Undead            Necr           53%        3d19      3%          4
 Ensorcelled Hibernation  Hex/Ice        56%        N/A       4%          2
 Portal Projectile        Hex/Tloc       72%        N/A       4%          3
 Gell's Gravitas          Tloc           31%        N/A       6%          3
 Lesser Beckoning         Tloc           62%        N/A       6%          3
 Teleport Other           Tloc           31%        N/A       6%          3
 Anguish                  Hex/Necr       23%        N/A       6%          4
 Summon Small Mammal      Summ           64%        N/A       8%          1
 Iskenderun's Mystic Bla  Conj/Tloc      36%        2d9       14%         4
 Call Canine Familiar     Summ           16%        N/A       21%         3
 Frozen Ramparts          Ice            32%        1d5       21%         3
 Passage of Golubria      Tloc           31%        N/A       21%         4
 Flame Wave               Conj/Fire      28%        2d9       26%         4
 Sticky Flame             Conj/Fire      28%        2d5       26%         4
 Iskenderun's Battlesphe  Conj           41%        2d9       26%         5
 Death Channel            Necr           26%        N/A       43%         6
 Summon Ice Beast         Ice/Summ       16%        N/A       54%         4
 Fireball                 Conj/Fire      14%        3d8       54%         5
 Conjure Ball Lightning   Conj/Air       18%        3x3d7     88%         6
 Dispersal                Tloc           15%        N/A       95%         6
 Starburst                Conj/Fire      14%        6d6       98%         6
 Necromutation            Tmut/Necr      33%        N/A       96%         8
 Orb of Destruction       Conj           20%        9d8       99%         7
 Summon Hydra             Summ           8%         N/A       100%        7
 Borgnjor's Revivificati  Necr           26%        N/A       100%        8
 Ignition                 Fire           8%         3d5       100%        8
 Death's Door             Necr           26%        N/A       100%        9


Dungeon Overview and Level Annotations

Branches:
Dungeon (15/15)            Temple (0/1) D:6            Lair (5/5) D:11
  Swamp (4/4) Lair:3        Snake (4/4) Lair:3        Slime (0/5) Lair:4
    Orc (2/2) D:9             Elf (0/3) Orc:2        Vaults (0/5) D:14
 Depths (3/4) D:15         Bailey (visited)

Altars:
Cheibriados
Elyvilon
Fedhas
Gozag
Kikubaaqudgha
Okawaru
Vehumet
Wu Jian
Yredelemnul
Zin
Jiyva

Shops:
D:3 :   D:5 [   D:6 *=?   D:7 :   Orc:1 =   Orc:2 :::=[   Snake:2 (*:
Snake:4 =?   Depths:3 =

Portals:
Hell: Depths:1 Depths:2 Depths:3
Abyss: D:15 Depths:2
Pandemonium: Depths:2
Ziggurat: Depths:1
Trove: D:11 (give 2 scrolls of acquirement)


Innate Abilities, Weirdness & Mutations

You cannot wear most types of armour.
You are amphibious.
You can wear up to eight rings at the same time.
Your skin changes colour to match your surroundings (Stealth+).
Your rubbery body absorbs attacks. (AC +1, EV +1)
((You are camouflaged when in or above water. (Stealth+)))
You have tentacles for arms and can constrict up to eight enemies at once.
You have a pair of small antennae on your head.
You have very sharp teeth.
You sometimes lose your temper in combat.
You are robust. (+10% HP)
You occasionally shout uncontrollably at your foes.


Message History

* * * LOW HITPOINT WARNING * * *
The tentacled monstrosity constricts you!
* * * LOW HITPOINT WARNING * * *
A red very ugly thing comes into view.
The quicksilver dragon bites you but does no damage.
The quicksilver dragon misses you.
The tentacled monstrosity tentacle-slaps you but does no damage. x2
You block the tentacled monstrosity's attack.
The tentacled monstrosity constricts you.
Okay, then.
Blink to where?
Press: ? - help, Dir - move target The tentacled monstrosity's grasp on you weakens, but your attempt to escape fails.
As you read the scroll of blinking, it crumbles to dust.
You block the quicksilver dragon's attack. x2
The tentacled monstrosity tentacle-slaps you but does no damage.
The tentacled monstrosity tentacle-slaps you.
* * * LOW HITPOINT WARNING * * *
The tentacled monstrosity tentacle-slaps you but does no damage.
The tentacled monstrosity constricts you!
* * * LOW HITPOINT WARNING * * *
The quicksilver dragon breathes dispelling energy at you.
The bolt of dispelling energy hits you but does no damage.
You feel strangely stable.
Your magical effects are unravelling.
You hear a screech!
Unknown command.
Okay, then.
Unknown command.
Casting: Statue Form (mildly dangerous; 4% risk of failure)
Confirm with . or Enter, or press ? or * to list all spells.
You escape the tentacled monstrosity's grasp.
You blink.
You revert to your normal fleshy form.
You block the tentacled monstrosity's attack. x2
The tentacled monstrosity misses you.
You block the tentacled monstrosity's attack.
The red very ugly thing claws you.
You die...
Your body crumbles into a pile of gold.

#.....#.##,,*,,,,,,,*,,*
#....#.##,,*,,,,,,,,,*,,
#...#.##,,*,,,,,$,,,,,*,
#..####,,*,,,,,,,,,,,,,*
#.#.#,,,*,,,,,$,⌠,$,,,,,
#..####,,*,,,,,,,,,,,,,*
#..{#D#*,,*,,,,,$,,,,,*,
#..V.#X##,,*,,,,,,,,,*,,
#....{#@#*,,*,,,,,,,*,,*
#.$....#u#*,,*,,,,,*,,**
#.......#.#*,,*,,,*,,**,
#..#.....#.#*,,*,*,,**,*
#..##..X..#.#*,,*,,**,*,
#..###.....#.#*,,,**,*,,
#...,.......#.#,,,*,*,,,
#..#,..#..,,,#.*,*,*,,,,
*,,**,,**,,,,,*,*,*,,,,,


You could see a tentacled monstrosity, a red very ugly thing and a quicksilver
dragon.

Vanquished Creatures
  2 juggernauts
  7 caustic shrikes
  Vashnia (Snake:4)
  2 golden dragons
  Nikola (Depths:2)
  Rupert (Lair:3)
  A tentacled monstrosity (Depths:1)
  An Executioner (D:15)
  2 nagarajas (Snake:4)
  Kirke (Swamp:2)
  6 fire giants
  Roxanne (D:15)
  4 frost giants
  Louise (Snake:3)
  An orc warlord (Orc:2)
  The ghost of Jely the Imperceptible, an adept VSBr of Uskayaw (D:15)
  The ghost of PanSaczeczos the Demonic Mishap, a journeyman DsWn of Qazlal (Orc:2)
  2 ghouls (Swamp:3)
  5 very ugly things
  7 stone giants
  2 spriggan defenders
  5 eleionomae
  A vampire knight (Depths:1)
  A dire elephant (D:15)
  3 bunyips
  3 spark wasps (Depths:1)
  A blizzard demon (Depths:3)
  10 ettins
  9 fire dragons
  2 jiangshi (Depths:3)
  A rakshasa (Depths:1)
  3 salamander tyrants
  Harold (D:10)
  9 ice dragons
  2 vault guards (Bailey)
  5 spriggan air magi
  2 catoblepae
  14 hydras
  2 ghost crabs (Swamp:4)
  4 centaur warriors
  7 alligators
  5 boulder beetles
  2 dancing weapons (D:14)
  2 death knights
  5 two-headed ogres
  6 deep troll earth magi (Depths:1)
  10 anacondas
  4 deep troll shamans
  16 naga warriors
  4 orc high priests (Orc:2)
  4 tengu warriors
  11 death yaks
  8 spriggan berserkers
  2 vampire magi
  Urug (D:13)
  11 naga sharpshooters
  19 spriggans
  4 hell knights (Depths:3)
  9 shock serpents
  2 deep elf knights
  Amaemon (Lair:2)
  7 salamander mystics
  4 skeletal warriors (D:13)
  8 iron trolls
  4 goliath frogs
  4 spriggan druids (Swamp:3)
  4 swamp dragons
  6 lindwurms
  6 deep trolls
  5 naga ritualists (Snake:4)
  4 deep elf pyromancers
  5 wizards
  5 bog bodies
  2 orc knights
  A wolf spider zombie (D:13)
  A phantasmal warrior (D:14)
  A necromancer (Depths:3)
  12 mana vipers
  3 wolf spiders
  A manticore (D:11)
  2 will-o-the-wisps
  A worldbinder (D:15)
  3 cyclopes
  A deep elf zephyrmancer (D:14)
  An orc sorcerer (Orc:2)
  13 salamanders
  20 ugly things
  2 rust devils (Depths:2)
  34 black mambas
  A smoke demon (Depths:2)
  4 centaur zombies (D:13)
  An orange demon (Lair:2)
  An ice statue (Lair:3)
  15 naga magi
  11 guardian serpents
  14 cane toads
  7 torpor snails
  3 kobold demonologists
  10 freezing wraiths
  2 rime drakes
  2 ice devils (Lair:3)
  9 komodo dragons
  4 tengu conjurers
  A tormentor (Depths:2)
  A hellion (D:15)
  3 red devils (Depths:2)
  3 trolls
  A guardian mummy (D:11)
  4 polar bears
  10 tyrant leeches
  A raiju (D:15)
  Prince Ribbit (D:6)
  26 hornets
  18 blink frogs
  The ghost of astraldaughter the Vexing, an amateur BaHs (D:4)
  17 slime creatures
  A meliai zombie (D:13)
  11 dream sheep
  2 vampires
  4 shadows
  19 wyverns
  A ynoxinul (Depths:2)
  42 yaks
  2 wraiths
  A basilisk (Lair:5)
  A water elemental (Depths:3)
  5 humans (Bailey)
  A steam dragon (D:8)
  4 hogs (Swamp:2)
  20 vampire mosquitoes
  3 redbacks (Lair:5)
  A death yak simulacrum (Lair:3)
  17 swamp worms
  5 swamp worm simulacra (Swamp:4)
  37 nagas
  6 wargs (Orc:2)
  14 water moccasins
  15 hydra simulacra (Swamp:4)
  A swamp drake (D:9)
  14 orc warriors
  3 ice beasts
  A black bear (D:4)
  A hornet zombie (D:13)
  10 ogres
  8 wolves
  11 centaurs
  7 kobold brigands
  A phantom (D:6)
  25 bullfrogs
  2 gnoll sergeants (D:6)
  An entropy weaver simulacrum (Lair:3)
  5 scorpions
  An elephant simulacrum (Lair:3)
  5 killer bees (D:8)
  8 howler monkeys
  2 jellies
  3 gnoll boudas
  39 orc priests
  Jessica (D:2)
  6 iguanas
  15 orc wizards
  A troll simulacrum (Lair:3)
  32 gnolls
  3 adders
  A naga simulacrum (Lair:3)
  2 shadow imps (D:5)
  2 white imps
  An ufetubus (D:5)
  3 swamp drake simulacra (Swamp:4)
  2 worms (D:2)
  2 dart slugs
  94 orcs
  6 ball pythons
  4 bats
  5 endoplasms
  8 giant cockroaches
  20 hobgoblins
  2 quokkas
  2 frilled lizards
  9 goblins
  22 kobolds
  4 rats
1199 creatures vanquished.

Vanquished Creatures (collateral kills)
  A walking earthen tome (Depths:3)
  A tengu warrior (Depths:3)
2 creatures vanquished.

Vanquished Creatures (others)
  A very ugly thing (D:15)
  An eleionoma (Swamp:3)
  A hydra (Swamp:4)
  An ice dragon (Swamp:4)
  A wizard (D:15)
  A bloated husk (Swamp:2)
  2 foxfires (Swamp:3)
  34 fungi
  69 plants
  8 withered plants (D:13)
119 creatures vanquished.

Grand Total: 1320 creatures vanquished

Notes
Turn   | Place    | Note
-------+----------+-------------------------------------------
     0 | D:1      | Bnni the Octopode Venom Mage began the quest for the Orb.
     0 | D:1      | Reached XP level 1. HP: 11/11 MP: 3/3
    82 | D:1      | Reached XP level 2. HP: 15/18 MP: 0/5
   107 | D:1      | Found a faded altar of an unknown god.
   424 | D:1      | Reached skill level 1 in Fighting
   424 | D:1      | Reached XP level 3. HP: 19/23 MP: 4/6
   766 | D:2      | Noticed Jessica
   772 | D:2      | Killed Jessica
   773 | D:2      | Reached skill level 2 in Transmutations
   773 | D:2      | Reached XP level 4. HP: 28/28 MP: 2/7
  1368 | D:2      | Reached skill level 5 in Poison Magic
  1586 | D:2      | Learned a level 4 spell: Olgreb's Toxic Radiance
  1590 | D:2      | Learned a level 3 spell: Mephitic Cloud
  1751 | D:3      | Found a snail-covered altar of Cheibriados.
  1791 | D:3      | Found Leunn's Book Shoppe.
  1807 | D:3      | Found a radiant altar of Vehumet.
  1853 | D:3      | Reached XP level 5. HP: 34/34 MP: 2/8
  2501 | D:4      | Noticed a centaur
  2513 | D:4      | Killed a centaur
  2514 | D:4      | Reached XP level 6. HP: 13/39 MP: 6/10
  2671 | D:4      | Noticed a black bear
  2680 | D:4      | Killed a black bear
  2681 | D:4      | Reached skill level 3 in Transmutations
  2819 | D:4      | Reached XP level 7. HP: 44/45 MP: 12/12
  3064 | D:4      | Found a transporter.
  3067 | D:4      | Noticed astraldaughter's ghost (amateur BaHs)
  3071 | D:4      | Identified the +8 dire flail "Eva Rem" {drain, Str+4 Int+4}
  3073 | D:4      | Found a transporter.
  3092 | D:4      | Killed astraldaughter's ghost
  3176 | D:4      | Found an opulent altar of Gozag.
  3239 | D:4      | Became a worshipper of Gozag Ym Sagoz the Greedy
  3356 | D:4      | Reached XP level 8. HP: 52/52 MP: 12/14
  3957 | D:4      | Found an ancient bone altar of Kikubaaqudgha.
  4009 | D:4      | Found a glowing silver altar of Zin.
  4039 | D:5      | Entered Level 5 of the Dungeon
  4213 | D:5      | Reached skill level 4 in Transmutations
  4251 | D:5      | Found Osuun's Armour Shop.
  5099 | D:3      | Bought an Everburning Encyclopedia for 468 gold pieces
  5103 | D:3      | Learned a level 3 spell: Ignite Poison
  5346 | D:6      | Found Sewumurgh's Jewellery Shoppe.
  5443 | D:6      | Found Vinne's Neck Hole.
  5658 | D:6      | Reached XP level 9. HP: 59/59 MP: 4/16
  5770 | D:6      | Reached skill level 5 in Spellcasting
  5770 | D:6      | Reached skill level 5 in Transmutations
  5796 | D:6      | Reached skill level 5 in Fighting
  6040 | D:6      | Noticed Prince Ribbit
  6047 | D:6      | Killed Prince Ribbit
  6048 | D:6      | Reached skill level 10 in Poison Magic
  6496 | D:6      | Found an iron altar of Okawaru.
  6959 | D:6      | Bought the ring "Vaon" {Drain rPois EV+4 Int+3 SInv} for
                  | 573 gold pieces
  7224 | D:6      | Found a staircase to the Ecumenical Temple.
  7319 | D:7      | Reached XP level 10. HP: 64/68 MP: 14/19
  7480 | D:7      | Learned a level 2 spell: Cigotuvi's Dreadful Rot
  7670 | D:7      | Found Rakuehuxt's Book Shoppe.
  8499 | D:8      | Found a flagged portal.
  8519 | Bailey   | Entered a bailey
  8725 | Bailey   | Reached skill level 1 in Unarmed Combat
  8832 | Bailey   | Noticed a vault guard
  8844 | Bailey   | Killed a vault guard
  8845 | Bailey   | Reached skill level 5 in Dodging
  8845 | Bailey   | Reached skill level 6 in Transmutations
  8995 | Bailey   | Noticed a vault guard
  9005 | Bailey   | Killed a vault guard
  9006 | Bailey   | Reached XP level 11. HP: 40/75 MP: 5/21
  9348 | D:6      | Bought a +4 ring of protection for 396 gold pieces
  9457 | D:8      | Noticed a two-headed ogre
  9469 | D:8      | Killed a two-headed ogre
  9470 | D:8      | Reached skill level 7 in Transmutations
  9479 | D:8      | Noticed a two-headed ogre
  9495 | D:8      | Killed a two-headed ogre
  9545 | D:8      | Noticed a cyclops
  9550 | D:8      | Killed a cyclops
  9585 | D:7      | Bought a book of Party Tricks for 192 gold pieces
  9591 | D:7      | Learned a level 5 spell: Alistair's Intoxication
 10530 | D:9      | Noticed a sixfirhy
 10764 | D:9      | Found a staircase to the Orcish Mines.
 11083 | D:9      | Found a basalt altar of Yredelemnul.
 11239 | D:10     | Entered Level 10 of the Dungeon
 11255 | D:10     | Reached skill level 8 in Transmutations
 11308 | D:10     | Noticed Harold
 11317 | D:10     | Killed Harold
 11403 | D:10     | Reached XP level 12. HP: 82/82 MP: 17/23
 11462 | D:10     | Found an ornate altar of the Wu Jian Council.
 11833 | D:10     | Identified a scroll of acquirement
 11834 | D:10     | Acquired the Discourse on Non-Euclidean Transmogrification
 11843 | D:10     | Learned a level 6 spell: Eringya's Noxious Bog
 12155 | D:10     | Reached skill level 1 in Earth Magic
 12177 | D:10     | You are sucked into a shaft and drop 2 floors!
 12311 | D:12     | Noticed a boulder beetle
 12318 | D:12     | Killed a boulder beetle
 12319 | D:12     | Reached skill level 9 in Transmutations
 12411 | D:11     | Noticed a two-headed ogre
 12414 | D:11     | Killed a two-headed ogre
 12415 | D:11     | Reached skill level 5 in Unarmed Combat
 12496 | D:11     | Found a staircase to the Lair.
 12680 | D:11     | Noticed a two-headed ogre
 12687 | D:11     | Killed a two-headed ogre
 13386 | D:11     | Found a blossoming altar of Fedhas.
 13654 | D:11     | Found a portal to a secret trove of treasure.
 14620 | D:6      | Bought a ring of protection from fire for 275 gold pieces
 14800 | D:13     | Noticed a centaur warrior
 14809 | D:13     | Killed a centaur warrior
 14912 | D:13     | Noticed a centaur warrior
 14916 | D:13     | Killed a centaur warrior
 14917 | D:13     | Reached XP level 13. HP: 32/90 MP: 19/25
 14926 | D:13     | Learned a level 6 spell: Statue Form
 15252 | D:13     | Reached skill level 10 in Transmutations
 15528 | D:13     | Noticed Urug
 15543 | D:13     | Killed Urug
 16390 | D:13     | Reached skill level 5 in Earth Magic
 16883 | Lair:1   | Entered Level 1 of the Lair of Beasts
 17079 | Lair:1   | Reached skill level 11 in Transmutations
 18047 | Lair:2   | Noticed Amaemon
 18055 | Lair:2   | Killed Amaemon
 18305 | Lair:3   | Reached XP level 14. HP: 97/97 MP: 27/27
 18335 | Lair:3   | Identified the +5 falchion of Lowkix {protect, rElec rF-
                  | rCorr Str+9}
 18657 | Lair:3   | Found a staircase to the Snake Pit.
 18702 | Lair:3   | Noticed Rupert
 18713 | Lair:3   | Killed Rupert
 19061 | Lair:3   | Reached skill level 10 in Fighting
 19537 | Lair:3   | Found a staircase to the Swamp.
 19937 | Lair:3   | Identified the ring of the Republic {rF+ rN+ Str+4 Dex-5}
 20392 | Lair:4   | Reached skill level 10 in Spellcasting
 20394 | Lair:4   | Reached skill level 10 in Dodging
 20394 | Lair:4   | Reached skill level 12 in Transmutations
 21141 | Lair:4   | Found a viscous altar of Jiyva.
 21146 | Lair:4   | Found a staircase to the Slime Pits.
 21777 | Lair:5   | Entered Level 5 of the Lair of Beasts
 22007 | Lair:5   | Reached XP level 15. HP: 104/104 MP: 27/29
 22887 | Lair:5   | Learned a level 5 spell: Irradiate
 22930 | Lair:5   | Found a runed translucent door.
 23166 | Lair:5   | Got Norum's Grimoire of Energetic Clay
 23721 | Lair:5   | Reached skill level 13 in Transmutations
 24546 | Orc:1    | Entered Level 1 of the Orcish Mines
 24546 | Orc:1    | Found Hecos's Jewellery Shoppe.
 24586 | Orc:1    | Bought a +4 ring of protection for 360 gold pieces
 24586 | Orc:1    | Bought a +4 ring of protection for 360 gold pieces
 24666 | Orc:2    | Entered Level 2 of the Orcish Mines
 24691 | Orc:2    | Found a runed translucent gate.
 24692 | Orc:2    | Found a runed translucent gate.
 24694 | Orc:2    | Found a runed translucent gate.
 24694 | Orc:2    | Noticed PanSaczeczos's ghost (journeyman DsWn)
 24740 | Orc:2    | Reached skill level 1 in Conjurations
 24943 | Orc:2    | Found Mol Lite's Book Emporium.
 25389 | Orc:2    | Found a staircase to the Elven Halls.
 25476 | Orc:2    | Found Zotsig's Book Emporium.
 25513 | Orc:2    | Found Zaicry's Book Shop.
 25746 | Orc:2    | Noticed an orc warlord
 25753 | Orc:2    | Killed an orc warlord
 25754 | Orc:2    | Reached skill level 1 in Shields
 25756 | Orc:2    | Found Astuucs's Armour Boutique.
 26045 | Orc:2    | Found Zycigu's Jewellery Shop.
 26203 | Orc:2    | Killed PanSaczeczos's ghost
 26695 | D:14     | Reached XP level 16. HP: 111/111 MP: 30/30
 26748 | D:14     | Found a gate to the Vaults.
 27177 | D:15     | Entered Level 15 of the Dungeon
 27297 | D:15     | Found the +7 captain's cutlass {speed, disarm}
 27353 | D:15     | Reached skill level 10 in Unarmed Combat
 27417 | D:15     | Found a transporter.
 27485 | D:15     | Reached skill level 10 in Earth Magic
 27570 | D:15     | Found a one-way gate to the infinite horrors of the Abyss.
 27570 | D:15     | Noticed Jely's ghost (adept VSBr)
 27582 | D:15     | Found a transporter.
 27722 | D:15     | Found a staircase to the Depths.
 27948 | D:15     | Identified the +2 helmet of Ofean {Harm Dex+4 Stlth+}
 28069 | D:15     | Noticed an Executioner
 28073 | D:15     | Identified Roxanne's Vellum of Metamorphosis
 28073 | D:15     | Noticed Roxanne
 28096 | D:15     | Killed Roxanne
 28848 | D:3      | Bought a book of Spatial Translocations for 260 gold pieces
 28851 | D:3      | Learned a level 2 spell: Blink
 29174 | Snake:1  | Entered Level 1 of the Snake Pit
 30492 | Snake:2  | Reached skill level 1 in Translocations
 30674 | Snake:2  | Found Siofrogui's Weapon Shop.
 30950 | Snake:2  | Found Gjimawem's Goods Gallery.
 31134 | Snake:2  | Reached skill level 14 in Transmutations
 31391 | Snake:3  | Identified the +0 tower shield of Icreuraz {rElec rN+ Will+
                  | Str-3}
 31391 | Snake:3  | Noticed Louise
 31400 | Snake:3  | Killed Louise
 31423 | Snake:3  | Reached skill level 5 in Shields
 31423 | Snake:3  | Reached skill level 5 in Conjurations
 31900 | Snake:3  | Reached skill level 1 in Hexes
 32687 | Snake:4  | Entered Level 4 of the Snake Pit
 32730 | Snake:4  | Found Tobber's Magic Scroll Shop.
 32742 | Snake:4  | Reached XP level 17. HP: 117/117 MP: 26/32
 32815 | Snake:4  | Identified the +9 flail of Ratotwie {freeze, rElec}
 32864 | Snake:4  | Noticed Vashnia
 33241 | Snake:4  | Killed Vashnia
 34057 | Snake:4  | Bought the ring "Vare" {Wiz rPois rCorr Int+6} for 1069
                  | gold pieces
 34057 | Snake:4  | Bought the ring of Zauhos {Wiz rF+ rN+ Str-4} for 716 gold
                  | pieces
 34057 | Snake:4  | Bought the ring "Uliong" {rPois AC+4 Int+2} for 925 gold
                  | pieces
 34143 | Snake:4  | Learned a level 5 spell: Yara's Violent Unravelling
 34358 | Snake:4  | Reached skill level 5 in Hexes
 34418 | Snake:4  | Reached skill level 15 in Transmutations
 34419 | Snake:4  | Reached XP level 18. HP: 126/126 MP: 23/33
 34474 | Snake:4  | Got a serpentine rune of Zot
 34735 | Swamp:1  | Entered Level 1 of the Swamp
 35103 | Swamp:1  | Learned a level 3 spell: Vhi's Electric Charge
 35513 | Swamp:2  | Noticed Kirke
 35523 | Swamp:2  | Killed Kirke
 36127 | Swamp:3  | Gained mutation: You are vulnerable to cold. (rC-) [you]
 36949 | Swamp:4  | Entered Level 4 of the Swamp
 37067 | Swamp:4  | Reached skill level 1 in Necromancy
 38353 | Swamp:4  | Got a decaying rune of Zot
 38951 | D:15     | Gained mutation: You occasionally lose the ability to read
                  | scrolls when taking damage. [you]
 38969 | D:15     | Killed Jely's ghost
 39074 | D:15     | Identified the +2 cloak of Moral Flaws {Contam rF+ rC+++}
 39189 | Depths:1 | Entered Level 1 of the Depths
 39265 | Depths:1 | Reached XP level 19. HP: 133/133 MP: 16/35
 39292 | Depths:1 | Reached skill level 10 in Shields
 39441 | Depths:1 | Identified the +7 quarterstaff of Disaster {speed, Fragile
                  | rElec rCorr Dex+5}
 39869 | Depths:1 | Lost mutation: You occasionally lose the ability to read
                  | scrolls when taking damage. [potion of mutation]
 39869 | Depths:1 | Lost mutation: You are vulnerable to cold. (rC-) [potion of
                  | mutation]
 39869 | Depths:1 | Gained mutation: You are weak. (Str -2) [potion of
                  | mutation]
 39869 | Depths:1 | Gained mutation: Your spells are a little harder to cast,
                  | but a little more powerful. [potion of mutation]
 39869 | Depths:1 | Gained mutation: Your spells are harder to cast, but more
                  | powerful. [potion of mutation]
 39908 | Depths:1 | Found a one-way gateway to a ziggurat.
 39988 | Depths:1 | Noticed a caustic shrike
 39988 | Depths:1 | Noticed a caustic shrike
 39997 | Depths:1 | Found a gateway to Hell.
 40025 | Depths:1 | Gained mutation: You sometimes lose your temper in combat.
                  | [you]
 40026 | Depths:1 | Gained mutation: You have an uncontrollable temper. [you]
 40228 | Depths:1 | Found a white marble altar of Elyvilon.
 40411 | Depths:1 | Killed a caustic shrike
 40433 | D:15     | Lost mutation: Your spells are harder to cast, but more
                  | powerful. [potion of mutation]
 40433 | D:15     | Lost mutation: You have an uncontrollable temper. [potion
                  | of mutation]
 40433 | D:15     | Lost mutation: You are weak. (Str -2) [potion of mutation]
 40433 | D:15     | Gained mutation: You are robust. (+10% HP) [potion of
                  | mutation]
 40433 | D:15     | Gained mutation: You expend magic power (3 MP) to
                  | strengthen your wands. [potion of mutation]
 40434 | D:15     | Lost mutation: You sometimes lose your temper in combat.
                  | [potion of mutation]
 40434 | D:15     | Lost mutation: Your spells are a little harder to cast, but
                  | a little more powerful. [potion of mutation]
 40434 | D:15     | Lost mutation: You expend magic power (3 MP) to strengthen
                  | your wands. [potion of mutation]
 40434 | D:15     | Gained mutation: You have very sharp teeth. [potion of
                  | mutation]
 40597 | Depths:1 | Noticed a tentacled monstrosity
 40604 | Depths:1 | Noticed a golden dragon
 40643 | Depths:1 | Reached skill level 5 in Necromancy
 40650 | Depths:1 | Killed a caustic shrike
 40884 | Depths:1 | Noticed a juggernaut
 40938 | Depths:1 | Killed a juggernaut
 40939 | Depths:1 | Reached skill level 1 in Air Magic
 41087 | Depths:1 | Killed a golden dragon
 41114 | Depths:1 | Gained mutation: You sometimes lose your temper in combat.
                  | [you]
 41117 | Depths:1 | Killed a tentacled monstrosity
 41118 | Depths:1 | Reached skill level 16 in Transmutations
 42790 | Depths:2 | Noticed Nikola
 42796 | Depths:2 | Gained mutation: You have a pair of small antennae on your
                  | head. [you]
 42801 | Depths:2 | Killed Nikola
 42802 | Depths:2 | Reached XP level 20. HP: 68/154 MP: 19/36
 42961 | Depths:2 | Gained mutation: You occasionally shout uncontrollably at
                  | your foes. [you]
 43072 | Depths:2 | Found a one-way gate leading to the halls of Pandemonium.
 43598 | Depths:3 | Noticed a caustic shrike
 43598 | Depths:3 | Noticed a caustic shrike
 43599 | Depths:3 | Noticed a caustic shrike
 43599 | Depths:3 | Noticed a caustic shrike
 43600 | Depths:3 | Noticed a caustic shrike
 43604 | Depths:3 | Killed a caustic shrike
 43605 | Depths:3 | Killed a caustic shrike
 43605 | Depths:3 | Killed a caustic shrike
 43605 | Depths:3 | Killed a caustic shrike
 43606 | Depths:3 | Killed a caustic shrike
 43609 | Depths:3 | Found a flickering gateway to a bazaar.
 43619 | Bazaar   | Entered a bazaar
 43619 | Bazaar   | Found Utoedaps's Jewellery Boutique.
 43619 | Bazaar   | Found Veaffus's Armour Shop.
 43628 | Bazaar   | Found Dowelo's Book Boutique.
 43639 | Bazaar   | Found Leykaw's Assorted Antiques.
 43756 | Bazaar   | Bought the ring "Fomyclyi" {rPois rN+ rCorr AC+4 Dex-3} for
                  | 354 gold pieces
 43767 | Bazaar   | Bought a ring of protection from cold for 175 gold pieces
 43784 | Bazaar   | Bought a Necronomicon for 840 gold pieces
 43793 | Bazaar   | Bought a potion of curing for 63 gold pieces
 44058 | Depths:3 | Noticed a juggernaut
 44062 | Depths:3 | Noticed a golden dragon
 44074 | Depths:3 | Killed a golden dragon
 44074 | Depths:3 | Killed a juggernaut
 44547 | Depths:3 | HP: 10/201 [tentacled monstrosity (6)]
 44547 | Depths:3 | HP: 1/201 [constriction (9)]
 44548 | Depths:3 | Slain by a red very ugly thing

Illustrated notes

Levels and vault maps discovered:
D:1:      ncdulo_watergridlock, layout_basic,
          hellmonk_ecumenical_altar_arch_garden
D:2:      layout_loops_ring, amcnicky_mini_corridor_feature, uniq_jessica
D:3:      layout_basic, mainiacjoe_overflow_small_starburst,
          mainiacjoe_overflow_brackets, serial_shops, nicolae_lakefront_shop,
          serial_curves, eino_curves_04, eino_curves_04
D:4:      layout_basic, mainiacjoe_overflow_six_doors_small,
          grunt_gozag_statues, zin_scriptorium, gammafunk_ghost_smash
D:5:      layout_basic, serial_shops, nicolae_inconvenience_store
D:6:      kennysheep_housing_project, layout_basic, okawaru_gym_becter,
          minmay_temple_entry_poolview, serial_shops, kennysheep_mini,
          minivault_4, minivault_25, nicolae_shop_sticking_my_neck_out,
          uniq_prince_ribbit1
D:7:      layout_rooms, serial_shops, shop
D:8:      layout_loops_ring, enter_bailey_7, minmay_bent
D:9:      layout_stronghold, marbit_many_paths, erik_orc_1,
          minmay_unpleasant_kobolds
D:10:     layout_layer_cave, mainiacjoe_overflow_concentric_impassable,
          ebering_dispersal_statue_hall, uniq_harold
D:11:     layout_rooms, lair_entry_dummy, nicolae_trove_entry_path_of_doom,
          fedhas_altar_1
D:12:     layout_roguey
D:13:     layout_roguey, serial_undead, serial_undead_a, serial_undead_f,
          serial_undead_f, serial_undead_b, serial_undead_c, uniq_urug
D:14:     layout_roguey, erik_vaults_1, minmay_fountain_box
D:15:     hangedman_depths_entry_try_elsewhere_first, layout_basic,
          hangedman_decor_slide_cut, gammafunk_ghost_abyssal_escape,
          uniq_roxanne
Lair:1:   layout_chaotic_city
Lair:2:   layout_cave_shapes, uniq_amaemon
Lair:3:   dreamdust_isle_of_ice, layout_misc_corridors,
          palyth_hydra_swamp_entry, guppyfry_snake_entry_island, uniq_rupert
Lair:4:   layout_layer_cave, dpeg_slime_entry_corner
Lair:5:   hangedman_lair_tendril_chambers, layout_regular_city, wormcave,
          grunt_megastairs_3
Swamp:1:  layout_falls_marsh, evilmike_swamp_ruin_house_5, water_boxes_lemuel
Swamp:2:  layout_falls_marsh, evilmike_swamp_ruin_rubble_2,
          infiniplex_staircase_pool, uniq_kirke
Swamp:3:  cheibrodos_swamp_heart_of_darkness, layout_basic_swamp,
          serial_swamp_ruin, evilmike_swamp_ruin_house_2,
          evilmike_swamp_ruin_house_4
Swamp:4:  swamp_icy, layout_basic_swamp
Snake:1:  layout_layer_cave, serial_bayou_crossing
Snake:2:  layout_misc_corridors, serial_shops, nicolae_shop_hallway_plus,
          nicolae_alphabet_shops
Snake:3:  nicolae_snake_attic_fulla_snakes, layout_chambers, grunt_megastairs_1,
          uniq_louise
Snake:4:  snake_pit_salamanders_mu, layout_basic, serial_shops,
          nicolae_shop_waterfront, minmay_snake_pond, uniq_vashnia
Orc:1:    layout_caves, serial_shops, shop, gammafunk_ghost_wrathful_warriors,
          minmay_shop_enchanted_jewellery, kennysheep_orc_chapel, uniq_maurice,
          uniq_jorgrun
Orc:2:    st_orc_town, layout_caves, gammafunk_ghost_split, special_room,
          basic_altar, serial_shops, nicolae_square_shop
Depths:1: evilmike_inaccessible_box, layout_small_grid, enter_ziggurat_b,
          pf_vacation_house_of_asmodeus, hangedman_abyss_or_decor_slice,
          elyvilon_altar_1
Depths:2: kennysheep_spiral_hall, layout_basic, pf_hell_entry_tar_spiral,
          abyss_entry, grunt_pan_entry_spiral, infiniplex_staircase_star,
          uniq_nikola
Depths:3: evilmike_diamond_2, layout_cross, hangedman_coc_ice_floe,
          serial_shops, bzr_entry_dummy, abyss_entry, serial_bayou_shore_b,
          uniq_margery

Skill      XL: |  1  2  3  4  5  6  7  8  9 10 11 12 13 14 15 16 17 18 19 20 |
---------------+-------------------------------------------------------------+-----
Poison Magic   | 4 5 6 7 9 11 12 | 12.0
Fighting       | 1 2 3 4 6 7 8 9 10 11 12 13 | 13.5
Transmutations | 2 3 4 5 6 8 9 11 12 13 14 15 16 | 16.3
Spellcasting   | 3 4 6 7 8 9 10 11 12 13 | 13.0
Dodging        | 3 5 7 8 9 10 | 10.7
Unarmed Combat | 2 4 5 6 8 9 10 12 13 14 | 14.9
Earth Magic    | 3 6 8 9 10 | 10.9
Conjurations   | 2 5 |  5.0
Shields        | 2 5 7 9 11 | 11.9
Translocations | 2 3 |  3.0
Hexes          | 1 5 |  5.0
Necromancy     | 3 6 7 |  7.6
Air Magic      | 2 3 |  3.0
Stealth        | |  2.6

Action                   |  1- 3 |  4- 6 |  7- 9 | 10-12 | 13-15 | 16-18 | 19-21 || total
-------------------------+-------+-------+-------+-------+-------+-------+-------++-------
Melee: Unarmed           |    21 |       |       |       |   442 |   914 |   321 ||  1698
       Constrict         |    20 |    15 |    12 |    23 |    78 |    93 |    28 ||   269
       Tentacles         |    13 |    15 |    14 |    34 |   166 |   284 |   109 ||   635
       Dagger            |    52 |    74 |    15 |       |       |       |       ||   141
       Punch             |       |     1 |     1 |     7 |    46 |   100 |    52 ||   207
       Dire flail        |       |       |    79 |   160 |   172 |       |       ||   411
       Bite              |       |       |       |       |       |       |    49 ||    49
Throw: Throwing net      |       |       |       |       |       |     5 |       ||     5
 Cast: Sting             |    15 |    22 |     1 |       |       |       |       ||    38
       Olgreb's Toxic Ra |       |     8 |    30 |    73 |    92 |    31 |    29 ||   263
       Mephitic Cloud    |       |     1 |     4 |    14 |    13 |     6 |       ||    38
       Ignite Poison     |       |       |    10 |    51 |    44 |    27 |    11 ||   143
       Cigotuvi's Dreadf |       |       |       |     3 |     1 |       |       ||     4
       Eringya's Noxious |       |       |       |     7 |    30 |    24 |    15 ||    76
       Statue Form       |       |       |       |       |    45 |    81 |    38 ||   164
       Alistair's Intoxi |       |       |       |       |     3 |       |     3 ||     6
       Irradiate         |       |       |       |       |     1 |    33 |    23 ||    57
       Yara's Violent Un |       |       |       |       |       |    12 |    16 ||    28
       Vhi's Electric Ch |       |       |       |       |       |    33 |    24 ||    57
       Blink             |       |       |       |       |       |       |     2 ||     2
Invok: Call Merchant     |       |       |       |     1 |       |     2 |     1 ||     4
Evoke: Wand              |       |       |     3 |     1 |    16 |     1 |     6 ||    27
  Use: Scroll            |       |     5 |     4 |    10 |     8 |     9 |     8 ||    44
       Potion            |       |       |     1 |       |     3 |     3 |     4 ||    11
 Stab: Sleeping          |     2 |     6 |     4 |     1 |     5 |    10 |     1 ||    29
       Distracted        |       |     1 |     1 |     4 |     8 |     8 |     4 ||    26
       Confused          |       |       |       |     1 |       |       |       ||     1
       Held in net/web   |       |       |       |       |       |     2 |       ||     2
Armor: Skin              |    11 |     2 |     4 |    14 |   304 |   640 |   303 ||  1278
Dodge: Dodged            |    50 |    40 |    42 |   200 |   881 |   966 |   317 ||  2496
Block: Buckler           |       |       |       |       |       |   243 |       ||   243
       Kite shield       |       |       |       |       |       |   130 |    50 ||   180
       Tower shield      |       |       |       |       |       |       |   324 ||   324

Table legend: (Time is in decaauts)
 A = Elapsed time spent in this place.
 B = Non-inter-level travel time spent in this place.
 C = Inter-level travel time spent in this place.
 D = Time resting spent in this place.
 E = Time spent auto-exploring this place.
 F = Levels seen in this place.
 G = Mean time per level.
                   A        B        C        D        E       F      G
               +--------+--------+--------+--------+--------+-----+--------+
         Total |  48984 |  44641 |   4343 |   5825 |  29711 |  35 | 1399.5 |
       Dungeon |  20847 |  17846 |   3001 |   2490 |  12350 |  15 | 1389.8 |
          Lair |   8571 |   7993 |    578 |    768 |   5833 |   5 | 1714.2 |
         Swamp |   4829 |   4536 |    293 |    398 |   2795 |   4 | 1207.2 |
     Snake Pit |   6335 |   6061 |    274 |    906 |   3660 |   4 | 1583.8 |
  Orcish Mines |   1451 |   1375 |     76 |      0 |   1102 |   2 |  725.5 |
        Depths |   6025 |   5907 |    118 |    891 |   3703 |   3 | 2008.3 |
        Bazaar |    201 |    201 |      0 |     71 |      0 |   1 |  201.0 |
        Bailey |    721 |    721 |      0 |    300 |    266 |   1 |  721.0 |
               +--------+--------+--------+--------+--------+-----+--------+

Top non-repeatable levels by time:
  Lair:5: 2925 daAuts
Depths:2: 2660 daAuts
Depths:1: 2622 daAuts
     D:6: 2438 daAuts
    D:13: 2191 daAuts
    D:15: 2162 daAuts
  Lair:3: 2151 daAuts
 Snake:4: 2099 daAuts
     D:9: 1982 daAuts
 Swamp:4: 1958 daAuts
  Lair:4: 1697 daAuts
 Snake:3: 1689 daAuts
     D:4: 1634 daAuts
    D:10: 1511 daAuts
 Snake:1: 1456 daAuts
